 Dungeon Crawl Stone Soup version 0.24.1-14-gf8d2b509d9 (webtiles) character file.

Game seed: 4078921836318132755, levelgen mode: deterministic

1460 mortelune the Insei (level 8, -1/54 HPs)
             Began as an Octopode Transmuter on May 17, 2020.
             Slain by a gnoll
             ... wielding a +0 spear
              (10 damage)
             ... on level 6 of the Dungeon.
             The game lasted 00:13:56 (9265 turns).

mortelune the Insei (Octopode Transmuter)           Turns: 9265, Time: 00:13:57

Health: -1/54      AC:  1    Str:  9    XL:     8   Next: 76%
Magic:  8/12       EV: 15    Int: 17    God:
Gold:   273        SH:  4    Dex: 13    Spells: 6/12 levels left

rFire    + . .     SeeInvis .     - Unarmed
rCold    . . .     Gourm    .   e - +0 buckler
rNeg     . . .     Faith    .   (helmet restricted)
rPois    .         Spirit   .   (no amulet)
rElec    .         Reflect  .   F - ring of protection from fire
rCorr    .         Harm     .   (no ring)
MR       .....                  (no ring)
Stlth    ++........             (no ring)
HPRegen  0.18/turn              (no ring)
MPRegen  0.13/turn              (no ring)
                                (no ring)
                                (no ring)

@: very slightly contaminated, lightly drained
A: almost no armour, stealthy swim, amphibious, 8 rings, constrict 8, camouflage
1, gelatinous body 1
a: no special abilities


You were on level 6 of the Dungeon.
You were hungry.

You visited 2 branches of the dungeon, and saw 7 of its levels.

You collected 273 gold pieces.

Inventory:

Missiles
 a - 8 javelins (quivered)
 j - 56 arrows
 Q - 115 stones
Armour
 e - a +0 buckler (worn)
 l - a +2 shield
Jewellery
 F - a ring of protection from fire (left tentacle)
Wands
 m - a wand of paralysis (20)
 q - a wand of acid (11)
Scrolls
 f - 8 scrolls of remove curse {unknown}
 h - a scroll of fog {unknown}
 i - a scroll of identify
 o - 2 scrolls of amnesia
 p - 2 scrolls of enchant weapon
 s - a scroll of noise {unknown}
 t - 2 scrolls of teleportation
Potions
 b - 2 potions of magic
 d - 4 potions of curing
 g - a potion of agility {unknown}
 k - a potion of heal wounds
 n - a potion of haste
Comestibles
 c - 10 rations


   Skills:
 + Level 4.5(4.4) Fighting
 + Level 4.4(4.2) Dodging
 * Level 2.9(2.7) Shields
 * Level 6.3(6.2) Unarmed Combat
 - Level 2.8(2.7) Spellcasting
 + Level 5.5(5.3) Transmutations


You had 6 spell levels left.
You knew the following spells:

 Your Spells              Type           Power        Failure   Level  Hunger
a - Beastly Appendage     Tmut           ###...       2%          1    #......
b - Sticks to Snakes      Tmut           ###.....     3%          2    ##.....
c - Spider Form           Tmut/Pois      ##........   21%         3    ###....

Your spell library contained the following spells:

 Spells                   Type           Power        Failure   Level  Hunger
 Blade Hands              Tmut           ###.......   54%         5    ######.
 Ice Form                 Ice/Tmut       ##......     56%         4    #####..


Dungeon Overview and Level Annotations

Branches:
Dungeon (6/15)             Temple (1/1) D:6

Altars:
Cheibriados
Dithmenos
Elyvilon
Fedhas
Kikubaaqudgha
Makhleb
Nemelex Xobeh
Okawaru
Qazlal
Ru
Trog
Uskayaw
Wu Jian
Yredelemnul
Zin
The Shining One

Shops:
D:5 :

Annotations:
D:2 Robin


Innate Abilities, Weirdness & Mutations

You cannot wear most types of armour.
You are very stealthy in the water. (Stealth+)
You are amphibious.
You can wear up to eight rings at the same time.
You can use your tentacles to constrict eight enemies at once.
Your skin changes colour to match your surroundings (Stealth+).
Your rubbery body absorbs attacks. (AC +1, EV +1)


Message History

The gnoll hits you from afar with a +0 halberd.
The gnoll barely misses you.
You hit the gnoll shaman.
The gnoll shaman is poisoned.
The gnoll shaman is almost dead.
The gnoll closely misses you.
The gnoll shaman mumbles some strange prayers to its god.
The gnoll shaman is healed somewhat.
The gnoll barely misses you.
You bite the gnoll shaman!
You kill the gnoll shaman!
The gnoll hits you from afar with a +0 spear.
* * * LOW HITPOINT WARNING * * *
The gnoll barely misses you.
Your transformation has ended.
Your +0 buckler unmelds from your body.
The gnoll barely misses you.
The gnoll hits you from afar with a +0 spear!
* * * LOW HITPOINT WARNING * * *
There is an escape hatch in the floor here.
The gnoll misses you.
The gnoll hits you from afar with a +0 spear!
You die...

######## #####......####
....+.........# #####.........#
..))..........# #######
######'##.#...# #.....#
.......##.....#####.###.#######
....######....#......#<.......###
......####....#.@....#.#####.....
.............gg......'.......>...
##.#........>##......#.####......
##.#.....##..##......#....+......
.#.#.....##..##......#.####......
.#....#..##...#####.##.# #......
.#....#...###.# #.##.# #######
.#..#.#.#..##)## #.##.# #<#
#....###.......## #)##.# #.#


You could see 2 gnolls.

Vanquished Creatures
  A sky beast (D:5)
  An ogre (D:6)
  A phantom (D:6)
  A centaur (D:6)
  3 scorpions
  A howler monkey (D:4)
  3 crimson imps
  3 bullfrog zombies
  4 orc wizards
  A hound (D:3)
  A gnoll shaman (D:6)
  An iguana (D:4)
  Terence (D:2)
  6 worker ants
  A hound skeleton (D:6)
  11 gnolls
  4 adders
  3 oozes
  An adder skeleton (D:5)
  2 worms
  2 dart slugs (D:1)
  3 leopard geckos
  14 orcs
  A ball python (D:1)
  4 giant cockroaches
  11 goblins
  6 hobgoblins
  2 jackals (D:2)
  5 kobolds
  A quokka (D:4)
  A ball python zombie (D:5)
  6 bats
  3 frilled lizards
  A leopard gecko zombie (D:5)
  8 rats
  A spectral orc (D:6)
119 creatures vanquished.

Vanquished Creatures (collateral kills)
  An ogre (D:4)
  A scorpion (D:5)
  A worker ant (D:4)
  2 gnolls
  An adder (D:4)
  A giant cockroach (D:1)
  A quokka (D:5)
  A ball python skeleton (D:5)
  2 kobolds
11 creatures vanquished.

Grand Total: 130 creatures vanquished

Notes
Turn   | Place    | Note
-------+----------+-------------------------------------------
     0 | D:1      | mortelune the Octopode Transmuter began the quest for the
                  | Orb.
     0 | D:1      | Reached XP level 1. HP: 13/13 MP: 3/3
   267 | D:1      | Reached XP level 2. HP: 18/18 MP: 5/5
   279 | D:1      | Learned a level 2 spell: Sticks to Snakes
   657 | D:1      | Reached XP level 3. HP: 23/23 MP: 6/6
  1227 | D:1      | Learned a level 3 spell: Spider Form
  1362 | D:2      | Noticed Terence
  1393 | D:2      | Killed Terence
  1562 | D:2      | Noticed Robin
  1605 | D:2      | Reached XP level 4. HP: 23/29 MP: 1/7
  2011 | D:2      | Found a shadowy altar of Dithmenos.
  2911 | D:3      | Reached XP level 5. HP: 22/35 MP: 5/9
  4183 | D:4      | Reached XP level 6. HP: 24/41 MP: 8/10
  4333 | D:4      | Reached skill level 4 in Unarmed Combat
  4847 | D:4      | Noticed a phantom
  5499 | D:4      | Reached XP level 7. HP: 46/46 MP: 3/11
  5778 | D:4      | Found an ancient bone altar of Kikubaaqudgha.
  5925 | D:5      | Entered Level 5 of the Dungeon
  6258 | D:5      | Found Orant's Book Shop.
  6263 | D:5      | Found a blossoming altar of Fedhas.
  6285 | D:5      | Reached skill level 5 in Unarmed Combat
  6866 | D:5      | Found a burning altar of Makhleb.
  6866 | D:5      | Noticed a blizzard demon
  7014 | D:5      | Found a glowing silver altar of Zin.
  7184 | D:5      | Reached skill level 5 in Transmutations
  7401 | D:6      | Reached XP level 8. HP: 46/54 MP: 12/12
  7470 | D:6      | Reached skill level 1 in Shields
  7756 | D:6      | Found a sparkling altar of Nemelex Xobeh.
  8273 | D:6      | Found a staircase to the Ecumenical Temple.
  8280 | D:6      | Reached skill level 6 in Unarmed Combat
  8296 | Temple   | Entered the Ecumenical Temple
  9182 | D:6      | Found a basalt altar of Yredelemnul.
  9265 | D:6      | Slain by a gnoll

Levels and vault maps discovered:
D:1:      dpeg_arrival_erosion, layout_basic
D:2:      layout_loops_ring, lemuel_doored_altar, minmay_strange_pillars,
          uniq_terence, uniq_robin
D:3:      layout_rooms
D:4:      layout_loops_ring, kiku_gazebo_garden_becter
D:5:      layout_loops_cross, kennysheep_little_box, serial_shops,
          nicolae_shop_crystal, basic_altar, first_ration, minivault_1,
          makhleb_altar_promises_db
D:6:      layout_basic, yredelemnul_forgotten_temple_becter,
          nicolae_overflow_hidden_temple, minmay_temple_entry_arrows,
          nemelex_diamond_rough_becter
Temple:   minmay_temple_curvy_loop

Skill      XL: |  1  2  3  4  5  6  7  8 |
---------------+-------------------------+-----
Transmutations | 3 4 5 |  5.5
Fighting       | 2 3 4 |  4.5
Unarmed Combat | 4 5 6 |  6.3
Dodging        | 3 4 |  4.4
Shields        | 2 |  2.9
Spellcasting   | |  2.8

Action                   |  1- 3 |  4- 6 |  7- 9 || total
-------------------------+-------+-------+-------++-------
Melee: Unarmed           |    55 |   161 |   183 ||   399
       Constrict         |    16 |    26 |    19 ||    61
       Punch             |     3 |     1 |     5 ||     9
       Tentacles         |     5 |    25 |    17 ||    47
       Kick              |     6 |    18 |    14 ||    38
Throw: Javelin           |       |     6 |       ||     6
 Cast: Beastly Appendage |     7 |    10 |    11 ||    28
       Sticks to Snakes  |     7 |    18 |     6 ||    31
       Spider Form       |       |     8 |     8 ||    16
Evoke: Wand              |       |       |     1 ||     1
  Use: Scroll            |       |       |    10 ||    10
       Potion            |       |       |     1 ||     1
 Stab: Sleeping          |     1 |     5 |     3 ||     9
       Distracted        |       |       |     1 ||     1
  Eat: Chunk             |     1 |    10 |     8 ||    19
       Ration            |       |     2 |     1 ||     3
Armor: Skin              |     9 |     7 |    10 ||    26
Dodge: Dodged            |    47 |   108 |   152 ||   307
Block: Buckler           |       |       |    13 ||    13
